 Dungeon Crawl Stone Soup version 0.27-a0-1434-g6f15984924 (webtiles) character file.

Game seed: 1399403957925002941

2 avis the Insei (level 1, -1/15 HPs)
             Began as a Merfolk Transmuter on July 4, 2021.
             Slain by a jackal (3 damage)
             ... on level 1 of the Dungeon.
             The game lasted 00:00:55 (75 turns).

avis the Insei (Merfolk Transmuter)                   Turns: 75, Time: 00:00:55

Health: -1/15      AC:  2    Str: 10    XL:     1   Next: 40%
Magic:  2/3        EV: 12    Int: 12    God:
Gold:   0          SH:  0    Dex: 14    Spells: 3/4 levels left

rFire    . . .     SeeInvis .     - Unarmed
rCold    . . .     Faith    .   (no shield)
rNeg     . . .     Spirit   .   a - +0 robe
rPois    .         Reflect  .   (helmet currently unavailable)
rElec    .         Harm     .   (no cloak)
rCorr    .         Rampage  .   (no gloves)
Will     .....                  (boots currently unavailable)
Stlth    +.........             (no amulet)
HPRegen  0.05/turn              (no ring)
MPRegen  0.08/turn              (no ring)

@: appendages
A: horns 2, (nimble swimmer 2), mertail
a: End Transformation


You were on level 1 of the Dungeon.
You had temporarily grown beastly horns.
You visited 1 branch of the dungeon, and saw 1 of its levels.

Inventory:

Missiles
 c - 18 stones
Armour
 a - a +0 robe (worn)
Scrolls
 b - a scroll of enchant weapon {unknown}
Potions
 d - a potion of might {unknown}
 e - a potion of magic {unknown}


   Skills:
 - Level 1.1 Fighting
 - Level 2.6 Dodging
 * Level 3.5 Unarmed Combat
 - Level 2.0 Spellcasting
 - Level 2.6 Transmutations


You had 3 spell levels left.
You knew the following spells:

 Your Spells              Type           Power      Damage    Failure   Level
a - Beastly Appendage     Tmut           14%        N/A       9%          1

Your spell library contained the following spells:

 Spells                   Type           Power      Damage    Failure   Level
 Wereblood                Tmut           7%         N/A       14%         2
 Spider Form              Tmut/Pois      2%         N/A       43%         3
 Ignite Poison            Fire/Tmut/Pois 3%         N/A       50%         3
 Mephitic Cloud           Conj/Pois/Air  1%         N/A       63%         3
 Ice Form                 Ice/Tmut       4%         N/A       83%         4
 Bolt of Magma            Conj/Fire/Erth 0%         4d4       100%        5


Dungeon Overview and Level Annotations

Branches:
Dungeon (1/15)

Altars:


Innate Abilities, Weirdness & Mutations

You have temporarily grown beastly horns.
((You are quick and stealthy near water. (Stealth+, EV+, Speed+++)))
Your lower body shifts to a powerful aquatic tail in water.


Message History

The jackal misses you. The jackal bites you.
The jackal barks!
You hit the jackal but do no damage. You headbutt the jackal.
You kill the jackal!
The jackal bites you.
You hit the jackal.
The jackal is heavily wounded.
The jackal closely misses you.
The jackal barks!
You hit the jackal.
You kill the jackal!
Your horns disappear.
The jackal bites you. The jackal bites you. The jackal barely misses you.
The jackal stops to sniff the ground.
The jackal bites you.
There is an open door here.
Casting: Beastly Appendage (safe; 9% risk of failure)
Confirm with . or Enter, or press ? or * to list all spells.
You grow a pair of large bovine horns.
The jackal bites you.
* * * LOW HITPOINT WARNING * * *
You miss the jackal. The jackal barely misses you.
The jackal bites you but does no damage.
You hit the jackal. Your headbutt misses the jackal.
The jackal is lightly wounded.
The jackal barely misses you.
You barely miss the jackal.
The jackal is lightly wounded.
The jackal bites you.
* * * LOW HITPOINT WARNING * * *
The jackal barely misses you.
You hit the jackal but do no damage.
The jackal is lightly wounded.
The jackal bites you.
* * * LOW HITPOINT WARNING * * *
You hit the jackal but do no damage. Your headbutt misses the jackal.
The jackal is lightly wounded.
The jackal bites you.
You die...

########................
#.........#######
#..........#
#.########.## #.# #..##
#.# ##..# #.#########..#
#.##.....##..#
#.##..<..@hh.# #.
#.....##..# ########...+
#..## ...# .⌠.# ...#
#...#


You could see 2 jackals.

Vanquished Creatures
  2 jackals (D:1)
2 creatures vanquished.

Notes
Turn   | Place    | Note
-------+----------+-------------------------------------------
     0 | D:1      | avis the Merfolk Transmuter began the quest for the Orb.
     0 | D:1      | Reached XP level 1. HP: 15/15 MP: 3/3
    42 | D:1      | Found a faded altar of an unknown god.
    75 | D:1      | Slain by a jackal

Illustrated notes

Levels and vault maps discovered:
D:1:      dpeg_arrival_rooms_a, layout_basic, basic_ecumenical_altar,
          grunt_decor_resistance, minmay_misc_feat_more_columns

Action                   || total
-------------------------++-------
Melee: Unarmed           ||    12
       Headbutt          ||     1
 Cast: Beastly Appendage ||     2
Armor: Robe              ||     3
Dodge: Dodged            ||    11

Table legend: (Time is in decaauts)
 A = Elapsed time spent in this place.
 B = Non-inter-level travel time spent in this place.
 C = Inter-level travel time spent in this place.
 D = Time resting spent in this place.
 E = Time spent auto-exploring this place.
 F = Levels seen in this place.
 G = Mean time per level.
                   A        B        C        D        E       F      G
               +--------+--------+--------+--------+--------+-----+--------+
         Total |     74 |     74 |      0 |      0 |     17 |   1 |   74.0 |
       Dungeon |     74 |     74 |      0 |      0 |     17 |   1 |   74.0 |
               +--------+--------+--------+--------+--------+-----+--------+

Top non-repeatable levels by time:
     D:1: 74 daAuts
